 Dungeon Crawl Stone Soup version 0.29.1-1-gd02db6906a (webtiles) character file.

Game seed: 13583265729770424569

24 LustLizard the Vexing (level 2, -4/14 HPs)
             Began as a Spriggan Arcane Marksman on Oct 4, 2022.
             Slain by Natasha (9 damage)
             ... on level 2 of the Dungeon.
             The game lasted 00:01:14 (964 turns).

LustLizard the Vexing (Spriggan Arcane Marksman)     Turns: 964, Time: 00:01:15

Health: -4/14      AC:  2    Str:  6    XL:     2   Next: 79%
Magic:  4/5        EV: 17    Int: 14    God:
Gold:   41         SH:  0    Dex: 15    Spells: 2/3 levels left

rFire   . . .      SeeInvis +   a - +1 sling
rCold   . . .      Faith    .   (no shield)
rNeg    . . .      Spirit   .   c - +0 robe
rPois   .          Reflect  .   (helmet restricted)
rElec   .          Harm     .   (no cloak)
rCorr   .          Rampage  .   (gloves unavailable)
Will    .....                   (boots unavailable)
Stlth   ++........              (no amulet)
HPRegen 0.04/turn               (no ring)
MPRegen 0.09/turn               (no ring)

@: very quick
A: very small, no large weapons, unfitting armour, see invisible, speed 3
a: no special abilities


You were on level 2 of the Dungeon.
You visited 1 branch of the dungeon, and saw 2 of its levels.

You collected 41 gold pieces.

Inventory:

Hand Weapons
 a - a +1 sling (weapon)
Armour
 c - a +0 robe (worn)
Scrolls
 b - a scroll of poison
 d - a scroll of teleportation {unknown}
 f - a scroll of fog {unknown}
 i - a scroll of noise {unknown}
 k - a scroll of fear {unknown}
 m - a scroll of identify {unknown}
 n - 3 scrolls of amnesia {unknown}
Potions
 e - a potion of ambrosia {unknown}
 g - a potion of attraction {unknown}
 h - a potion of might {unknown}
 j - 3 potions of haste {unknown}
 l - a potion of mutation {unknown}


   Skills:
 + Level 1.1 Fighting
 * Level 2.4 Ranged Weapons
 - Level 2.6 Dodging
 * Level 2.1 Stealth
 - Level 1.3 Spellcasting
 - Level 4.0 Hexes


You had 2 spell levels left.
You knew the following spells:

 Your Spells              Type           Power      Damage    Failure   Level
a - Slow                  Hex            48%        N/A       4%          1

Your spell library contained the following spells:

 Spells                   Type           Power      Damage    Failure   Level
 Ensorcelled Hibernation  Hex/Ice        12%        N/A       17%         2
 Inner Flame              Hex/Fire       6%         N/A       32%         3
 Portal Projectile        Hex/Tloc       12%        N/A       32%         3
 Cause Fear               Hex            6%         N/A       43%         4
 Spider Form              Tmut/Pois      0%         N/A       58%         3
 Anguish                  Hex/Necr       3%         N/A       73%         4


Dungeon Overview and Level Annotations

Branches:
Dungeon (2/15)

Altars:

Annotations:
D:2 Natasha


Innate Abilities, Weirdness & Mutations

You are very small and have problems with some larger weapons.
You are too small for most types of armour.
You have supernaturally acute eyesight. (SInv)
You cover ground extremely quickly. (Speed+++)


Message History

An endoplasm is nearby!
You shoot a sling bullet.
The sling bullet hits the endoplasm but does no damage.
The endoplasm quivers.
You shoot a sling bullet. The sling bullet hits the endoplasm.
The endoplasm is heavily wounded.
The endoplasm jiggles.
You shoot a sling bullet. The sling bullet hits the endoplasm.
The endoplasm is severely wounded.
You shoot a sling bullet. The sling bullet hits the endoplasm.
You kill the endoplasm!
No target in view!
You see here a dart slug corpse.
Found 4 stones.
You see here 4 stones.
n - 3 scrolls labelled ZIEGAC XAQEVO Natasha, Servant of Life and Death comes into view.
Natasha is nearby!
You shoot a sling bullet. The sling bullet hits Natasha.
Natasha hisses angrily.
Natasha is moderately wounded.
You shoot a sling bullet. The sling bullet barely misses Natasha.
Natasha claws you.
You shoot a sling bullet.
The sling bullet closely misses Natasha.
Natasha misses you.
You shoot a sling bullet. The sling bullet hits Natasha.
Natasha is severely wounded.
Natasha claws you.
You are too injured to fight recklessly!
You are too injured to fight recklessly!
You are too injured to fight recklessly!
You are too injured to fight recklessly!
Aiming: Slow (safe; 4% risk of failure)
Press: ? - help, Q - select action, (/) - cycle Shift-Dir - straight line, f/p - Natasha
Aim: Natasha (severely wounded, chance to affect: 50%) Natasha resists with significant effort.
Natasha claws you!
Ouch! That really hurt!
You die...

##....##.....#
##....##......#
.....##....##.#
....##....###.#.##
..###.............
# ..#
#####.######## .#
### #.# .. #
###.#########.# #
#.........@h..# #
#.#.########### #
#.#.# # #.#.# #
#.#.######### #
###.#.#.......# #
#....<........#
###########.......#
..................#


You could see Natasha.

Vanquished Creatures
  A dart slug (D:2)
  3 bats (D:1)
  3 endoplasms
  A giant cockroach (D:1)
  4 goblins (D:1)
  2 hobgoblins (D:1)
  2 kobolds (D:1)
  A frilled lizard (D:1)
  4 rats (D:1)
21 creatures vanquished.

Notes
Turn   | Place    | Note
-------+----------+-------------------------------------------
     0 | D:1      | LustLizard the Spriggan Arcane Marksman began the quest for
                  | the Orb.
     0 | D:1      | Reached XP level 1. HP: 9/9 MP: 3/3
     2 | D:1      | Noticed an ogre
     2 | D:1      | Noticed a tengu
     4 | D:1      | Noticed a felid
     4 | D:1      | Noticed a ghoul
     6 | D:1      | Noticed a troll
     6 | D:1      | Noticed a spriggan
     8 | D:1      | Noticed a draconian
    10 | D:1      | Noticed a vampire
    10 | D:1      | Noticed a human
    12 | D:1      | Noticed an octopode
    14 | D:1      | Noticed a formicid
    16 | D:1      | Noticed a minotaur
    16 | D:1      | Noticed a vine stalker
    18 | D:1      | Noticed a demonspawn
    18 | D:1      | Noticed a merfolk
    20 | D:1      | Noticed a naga
    20 | D:1      | Noticed a demigod
    22 | D:1      | Noticed a gargoyle
    22 | D:1      | Noticed a palentonga
    24 | D:1      | Noticed a human
    24 | D:1      | Noticed an elf
    26 | D:1      | Noticed a tengu
    88 | D:1      | Reached skill level 1 in Stealth
   103 | D:1      | Reached XP level 2. HP: 13/14 MP: 5/5
   146 | D:1      | Reached skill level 1 in Fighting
   857 | D:2      | Reached skill level 4 in Hexes
   958 | D:2      | Noticed Natasha
   964 | D:2      | Slain by Natasha

Illustrated notes

Levels and vault maps discovered:
D:1:      kb_arrival_jail, layout_basic
D:2:      layout_basic, ebering_ecumenical_altar_webs, basic_altar,
          nrook_mini_backslash, minmay_pentomino_s4, uniq_natasha

Skill      XL: |  1  2 |
---------------+-------+-----
Stealth        | 1 2 |  2.1
Fighting       | 1 |  1.1
Hexes          | 4 |  4.0
Ranged Weapons | |  2.4
Dodging        | |  2.6
Spellcasting   | |  1.3

Action                   || total
-------------------------++-------
 Fire: Sling             ||    60
 Cast: Slow              ||     1
Armor: Robe              ||     2
Dodge: Dodged            ||    21
